 Dungeon Crawl Stone Soup version 0.20.1-1-g8b1a95d (webtiles) character file.

86 wnhky the Sneak (level 4, -6/21 HPs)
             Began as a Spriggan Enchanter on Sept 24, 2017.
             Mangled by Edmund
             ... wielding a +2 flail of holy wrath
              (15 damage)
             ... on level 4 of the Dungeon.
             The game lasted 00:07:03 (3411 turns).

wnhky the Sneak (Spriggan Enchanter)                Turns: 3411, Time: 00:07:03

Health: -6/21      AC:  0    Str:  4    XL:     4   Next: 27%
Magic:  9/9        EV: 23    Int: 16    God:
Gold:   126        SH:  0    Dex: 22    Spells: 3/9 levels left

rFire    . . .     SeeInvis +   (weapon currently unavailable)
rCold    . . .     Gourm    .   (shield currently unavailable)
rNeg     . . .     Faith    .   (armour currently unavailable)
rPois    .         Spirit   .   (helmet currently unavailable)
rElec    .         Reflect  .   (cloak currently unavailable)
rCorr    .         Harm     +   (gloves unavailable)
MR       .....                  (boots unavailable)
Stlth    +++.......             i - amulet of harm
Regen    0.1/turn               (ring currently unavailable)
MPRegen  0.2/turn               (ring currently unavailable)

@: bat-form, flying, very quick
A: unfitting armour, see invisible, herbivore 3, slow metabolism 2
a: no special abilities


You were on level 4 of the Dungeon.
You were near starving.
You were in bat-form.
You visited 1 branch of the dungeon, and saw 4 of its levels.

You collected 126 gold pieces.

Inventory:

Hand Weapons
 a - a +1 dagger
 k - a cursed -1 dagger (melded)
 l - a +2 dagger of freezing
Missiles
 o - 98 stones (quivered)
Armour
 b - a +0 robe (melded)
 h - a +0 buckler
Jewellery
 i - an amulet of harm (around neck)
Wands
 p - a wand of digging (15/24)
Scrolls
 j - 2 scrolls of identify
 m - a scroll of amnesia
 n - 4 scrolls of teleportation {unknown}
 q - a scroll of fog {unknown}
Potions
 e - a potion of berserk rage {unknown}
 g - a potion of curing
 r - a potion of lignification {unknown}
 s - a potion of flight {unknown}
 t - 2 potions of cancellation {unknown}
Books
 c - a book of Maledictions

   Spells                             Type                      Level
   a - Corona                         Hexes                        1
   b - Ensorcelled Hibernation        Hexes/Ice                    2
   c - Confuse                        Hexes                        3
   d - Tukima's Dance                 Hexes                        3
   e - Dazzling Spray                 Conjuration/Hexes            3
Comestibles
 d - 2 bread rations
 f - a royal jelly


   Skills:
 + Level 0.7 Fighting
 * Level 2.3 Short Blades
 + Level 4.0 Dodging
 * Level 5.4 Stealth
 + Level 3.2 Spellcasting
 + Level 3.9 Hexes


You had 3 spell levels left.
You knew the following spells:

 Your Spells              Type           Power        Failure   Level  Hunger
a - Corona                Hex            ###....      3%          1    None
b - Ensorcelled Hibernat  Hex/Ice        #.....       12%         2    ##.....
c - Confuse               Hex            ###.....     11%         3    ###....


Dungeon Overview and Level Annotations

Branches:
Dungeon (4/15)
 Temple: D:4-7

Altars:
Cheibriados
Hepliaklqana
Vehumet

Annotations:
D:4 Edmund


Innate Abilities, Weirdness & Mutations

You are very small and have problems with some larger weapons.
You are too small for most types of armour.
You have supernaturally acute eyesight. (SInv)
You are a herbivore.
((You cover ground extremely quickly.))
You need consume almost no food.


Message History

Your amulet of harm unmelds from your body.
You start resting.
Magic restored.
You start resting.
HP restored.
Memorise Confuse, consuming 3 spell levels and leaving 3?
You start memorising the spell.
You continue memorising. x3
You finish memorising.
Spell assigned to 'c'.
There is a stone staircase leading down here.
You climb downwards.
Level annotation: Edmund Edmund zaps a wand.
You turn into a bat.
Your cursed -1 dagger melds into your body.
Your +0 robe melds into your body.
Edmund hits you with a flail of holy wrath!
Ouch! That really hurt!
There is a stone staircase leading up, spattered with blood here.
Edmund hits you with a flail of holy wrath!
Ouch! That really hurt!
You die...

#.....#
######.....#
#.......#
#.......#
#.......#
#.......#
#.......#
#.....@.#
#.....b.#
#########


You could see Edmund.

Vanquished Creatures
  2 adders (D:3)
  2 worms
  2 leopard geckos
  2 orcs (D:3)
  3 giant cockroaches
  5 goblins
  9 hobgoblins
  A jackal (D:3)
  8 kobolds
  3 quokkas
  7 bats
  5 frilled lizards
  8 rats
57 creatures vanquished.

Notes
Turn   | Place    | Note
-------+----------+-------------------------------------------
     0 | D:1      | wnhky the Spriggan Enchanter began the quest for the Orb.
     0 | D:1      | Reached XP level 1. HP: 9/9 MP: 5/5
   458 | D:1      | Reached XP level 2. HP: 13/13 MP: 6/6
   462 | D:1      | Learned a level 2 spell: Ensorcelled Hibernation
  1593 | D:2      | Reached skill level 5 in Stealth
  1593 | D:2      | Reached XP level 3. HP: 3/16 MP: 5/8
  1855 | D:2      | Found a radiant altar of Vehumet.
  1959 | D:2      | Found a hazy altar of Hepliaklqana.
  1959 | D:2      | Found a snail-covered altar of Cheibriados.
  2707 | D:3      | Reached XP level 4. HP: 5/21 MP: 1/9
  3244 | D:4      | Noticed Edmund
  3407 | D:3      | Learned a level 3 spell: Confuse
  3411 | D:4      | Mangled by Edmund

Skill      XL: |  1  2  3  4 |
---------------+-------------+-----
Stealth        | 5 |  5.4
Spellcasting   | 3 |  3.2
Short Blades   | 2 |  2.3
Dodging        | 4 |  4.0
Fighting       | |  0.7
Hexes          | |  3.9

Action                   |  1- 3 |  4- 6 || total
-------------------------+-------+-------++-------
Melee: Dagger            |   189 |    61 ||   250
 Cast: Corona            |     7 |       ||     7
       Ensorcelled Hiber |    18 |     2 ||    20
  Use: Scroll            |     4 |       ||     4
 Stab: Sleeping          |    27 |     4 ||    31
Armor: Robe              |    16 |    11 ||    27
Dodge: Dodged            |   164 |    53 ||   217
